 Dungeon Crawl Stone Soup version 0.31-a0-145-g046c7d2549 (webtiles) character file.

Game seed: 237442171438945561

752 Faragor the Thaumaturge (level 7, 0/36 HPs)
             Began as a Deep Elf Conjurer on June 5, 2023.
             Was an Initiate of Sif Muna.
             Slain by a gnoll
             ... wielding a +0 whip
             ... led by a gnoll sergeant
              (6 damage)
             ... on level 5 of the Dungeon.
             The game lasted 00:26:23 (9411 turns).

Faragor the Thaumaturge (Deep Elf Conjurer)         Turns: 9411, Time: 00:26:24

Health: 0/36       AC:  3    Str:  4    XL:     7   Next: 49%
Magic:  21/29      EV: 17    Int: 25    God:    Sif Muna [......]
Gold:   179        SH:  0    Dex: 13    Spells: 15/22 levels left

rFire   . . .        l - staff of conjuration
rCold   . . .        (no shield)
rNeg    . . .        a - +0 robe
rPois   .            (no helmet)
rElec   .            (no cloak)
rCorr   .            j - +0 pair of gloves
SInv    .            (no boots)
Will    .....        (no amulet)
Stlth   +++          t - +5 ring of evasion
HPRegen 0.26/turn    d - ring of magical power
MPRegen 0.21/turn

%: no passive effects
@: no status effects
A: no striking features
a: Renounce Religion


You were on level 5 of the Dungeon.
You worshipped Sif Muna.
Sif Muna was noncommittal.
You visited 2 branches of the dungeon, and saw 6 of its levels.

You collected 179 gold pieces.

Inventory:

Hand Weapons
 c - a +0 mace of venom
 v - a +2 whip of pain
Missiles
 e - 2 boomerangs of dispersal
 p - 2 throwing nets (quivered)
Armour
 a - a +0 robe (worn)
 j - a +0 pair of gloves (worn)
 s - a +0 robe
Magical Staves
 l - a staff of conjuration (weapon)
Jewellery
 d - a ring of magical power (right hand)
 q - an amulet of the acrobat
 t - a +5 ring of evasion (left hand)
Wands
 h - a wand of charming (9)
Scrolls
 f - a scroll of identify
 i - 3 scrolls of amnesia
Potions
 g - a potion of might
 k - a potion of curing
 m - a potion of berserk rage
 n - a potion of cancellation {unknown}
 o - a potion of brilliance
 r - a potion of heal wounds
 u - a potion of enlightenment {unknown}


   Skills:
 - Level 2.4 Dodging
 + Level 5.9 Stealth
 * Level 8.3 Spellcasting
 + Level 6.3 Conjurations


You had 15 spell levels left.
You knew the following spells:

 Your Spells              Type           Power      Damage    Failure   Level
a - Magic Dart            Conj           100%       1d8       1%          1
b - Searing Ray           Conj           100%       2d8       1%          2
c - Iskenderun's Mystic   Conj/Tloc      39%        2d9       16%         4

Your spell library contained the following spells:

 Spells                   Type           Power      Damage    Failure   Level
 Dazzling Flash           Conj/Hex       78%        N/A       4%          3
 Stone Arrow              Conj/Erth      78%        3d11      4%          3
 Beastly Appendage        Tmut           20%        N/A       6%          1
 Sandblast                Erth           20%        2d7       6%          1
 Passwall                 Tmut/Erth      8%         N/A       9%          2
 Wereblood                Tmut           10%        N/A       9%          2
 Fulminant Prism          Conj/Hex       19%        3d11      16%         4
 Spider Form              Tmut/Pois      10%        N/A       19%         3


Dungeon Overview and Level Annotations

Branches:
Dungeon (5/15)             Temple (1/1) D:4

Altars:
Ashenzari
Cheibriados
Dithmenos
Elyvilon
Fedhas
Gozag
Kikubaaqudgha
Makhleb
Okawaru
Qazlal
Ru
Sif Muna
Trog
Uskayaw
Vehumet
Xom
Yredelemnul
Zin
The Shining One

Annotations:
D:3 1 runed translucent door, FelidPro's ghost, amateur OpAE


Message History

The gnoll sergeant is almost dead.
The gnoll shouts!
The gnoll sergeant misses you.
The searing ray hits the gnoll sergeant but does no damage.
The gnoll sergeant is almost dead.
You finish channelling your searing ray.
The gnoll sergeant barely misses you.
Casting: Searing Ray (safe; 1% risk of failure)
Confirm with . or Enter, or press ? or * to list all spells.
Okay, then.
Setting a skill training target for Throwing at 6.0.
You feel your magic capacity increase.
d - a ring of magical power (right hand)
You start putting on your amulet.
You continue putting on your amulet of the acrobat.
The gnoll sergeant hits you from afar with a +0 trident!
Keep equipping yourself? [Y]es or [N]o only, please.
Keep equipping yourself? [Y]es or [N]o only, please.
Keep equipping yourself?
Uppercase [Y]es or [N]o only, please.
Keep equipping yourself?
You stop putting on your amulet.
Casting: Searing Ray (safe; 1% risk of failure)
Confirm with . or Enter, or press ? or * to list all spells.
Aiming: Magic Dart (safe; 1% risk of failure)
Press: ? - help, Shift-Dir - straight line, f/p - gnoll sergeant
Aim: a gnoll sergeant, wielding a +0 trident, wearing a +2 scale mail of positive energy and wearing a +0 kite shield (almost dead, 100% to hit)
You feel a surge of power!
The magic dart hits the gnoll sergeant but does no damage.
The gnoll sergeant is almost dead.
The gnoll sergeant hits you from afar with a +0 trident!
Magic courses through your body. The gnoll closely misses you.
The gnoll sergeant barely misses you.
You feel better.
The gnoll sergeant hits you from afar with a +0 trident!
* * * LOW HITPOINT WARNING * * *
The gnoll hits you with a +0 whip.
You die...

#### ........
############## ########
#.....[......# #.....
#............# #.....
#............# #.....
#............# #.....
#............# #.....
##..........).#####)....
...)..g@.....).)[...####
..............#####.####
..##...g...##.# #.......
#.......##.# #.......
#.......##.# #.......
#.......##.# #.......
#.......##.# #.......
'..........# #.......
#.......


You could see a gnoll sergeant and a gnoll.

Vanquished Creatures
  Grinder (D:5)
  A centaur (D:5)
  A bullfrog (D:5)
  An orc priest (D:5)
  2 hounds
  A sleepcap (D:5)
  3 iguanas
  8 gnolls
  4 adders
  5 worms
  5 dart slugs
  5 orcs
  5 bats
  8 endoplasms
  2 giant cockroaches
  5 goblins
  5 hobgoblins
  3 jackals (D:2)
  6 quokkas
  7 ball pythons
  5 frilled lizards
  10 kobolds
  8 rats
101 creatures vanquished.

Notes
Turn   | Place    | Note
-------+----------+-------------------------------------------
     0 | D:1      | Faragor the Deep Elf Conjurer began the quest for the Orb.
     0 | D:1      | Reached XP level 1. HP: 10/10 MP: 6/6
   890 | D:1      | Reached XP level 2. HP: 15/15 MP: 4/8
  2281 | D:1      | Reached skill level 4 in Spellcasting
  2724 | D:1      | Reached XP level 3. HP: 19/19 MP: 8/10
  2825 | D:2      | Learned a level 2 spell: Searing Ray
  4962 | D:3      | Reached XP level 4. HP: 24/24 MP: 4/12
  5580 | D:3      | Noticed FelidPro's ghost (amateur OpAE)
  5583 | D:3      | Found a runed translucent door.
  6067 | D:4      | Learned a level 4 spell: Iskenderun's Mystic Blast
  6070 | D:4      | Reached skill level 5 in Spellcasting
  6072 | D:4      | Reached skill level 5 in Conjurations
  6076 | D:4      | Reached XP level 5. HP: 25/28 MP: 1/15
  6235 | D:4      | Found a staircase to the Ecumenical Temple.
  6429 | Temple   | Entered the Ecumenical Temple
  6434 | Temple   | Became a worshipper of Sif Muna the Loreminder
  6775 | D:4      | Identified a scroll of acquirement
  6775 | D:4      | Acquired a staff of conjuration
  7126 | D:4      | Found an iron altar of Okawaru.
  7127 | D:4      | Found a bloodstained altar of Trog.
  7172 | D:4      | Reached skill level 6 in Spellcasting
  7960 | D:5      | Entered Level 5 of the Dungeon
  8249 | D:5      | Reached XP level 6. HP: 31/32 MP: 9/17
  8603 | D:5      | Reached skill level 5 in Stealth
  8918 | D:5      | Noticed Grinder
  8932 | D:5      | Reached skill level 7 in Spellcasting
  8935 | D:5      | Killed Grinder
  8936 | D:5      | Reached XP level 7. HP: 34/36 MP: 5/20
  9044 | D:5      | Reached skill level 8 in Spellcasting
  9411 | D:5      | Slain by a gnoll

Illustrated notes

Levels and vault maps discovered:
D:1:      dpeg_arrival_round_a, layout_basic
D:2:      layout_basic
D:3:      layout_basic, hellmonk_ghost_happy_afterlife, roderic_serpentine_path,
          minmay_misc_feat_enclosed, nicolae_underground_beach
D:4:      layout_basic, grunt_temple_overflow_bloody_war,
          minmay_temple_entry_steel_oval
D:5:      layout_basic, uniq_grinder
Temple:   sentei_temple_godly_chess

Skill      XL: |  1  2  3  4  5  6  7 |
---------------+----------------------+-----
Stealth        | 3 4 5 |  5.9
Spellcasting   | 4 5 6 7 8 |  8.3
Conjurations   | 5 6 |  6.3
Dodging        | |  2.4

Action                     |  1- 3 |  4- 6 |  7- 9 || total
---------------------------+-------+-------+-------++-------
  Melee: Mace              |     2 |       |       ||     2
   Cast: Magic Dart        |    92 |    67 |    21 ||   180
         Searing Ray       |     4 |    19 |     7 ||    30
    Use: Scroll            |     4 |     8 |       ||    12
         Potion            |       |       |     2 ||     2
 Armour: Robe              |     3 |     4 |       ||     7
  Dodge: Dodged            |     7 |    14 |     7 ||    28

Table legend: (Time is in decaauts)
 A = Elapsed time spent in this place.
 B = Non-inter-level travel time spent in this place.
 C = Inter-level travel time spent in this place.
 D = Time resting spent in this place.
 E = Time spent auto-exploring this place.
 F = Levels seen in this place.
 G = Mean time per level.
                   A        B        C        D        E       F      G
               +--------+--------+--------+--------+--------+-----+--------+
         Total |   9411 |   9371 |     40 |   5638 |   2486 |   6 | 1568.5 |
       Dungeon |   9400 |   9360 |     40 |   5638 |   2486 |   5 | 1880.0 |
        Temple |     10 |     10 |      0 |      0 |      0 |   1 |   10.0 |
               +--------+--------+--------+--------+--------+-----+--------+

Top non-repeatable levels by time:
     D:1: 2817 daAuts
     D:2: 2005 daAuts
     D:4: 1849 daAuts
     D:5: 1389 daAuts
     D:3: 1338 daAuts
  Temple: 10 daAuts
